 Dungeon Crawl Stone Soup version 0.31-a0-188-g5e087ee2ca (webtiles) character file.

Game seed: 11375671593604510219

60 qw the Shooter (level 3, -1/20 HPs)
             Began as a Deep Elf Hunter on June 23, 2023.
             Slain by a gnoll
             ... wielding a +0 club
              (2 damage)
             ... on level 2 of the Dungeon.
             The game lasted 00:00:18 (1395 turns).

qw the Shooter (Deep Elf Hunter)                    Turns: 1395, Time: 00:00:19

Health: -1/20      AC:  5    Str: 10    XL:     3   Next: 82%
Magic:  5/5        EV: 11    Int: 13    God:
Gold:   47         SH:  0    Dex: 18    Spells: 2/2 levels left

rFire   . . .        Y - +0 shortbow
rCold   . . .        (shield currently unavailable)
rNeg    . . .        f - +0 ring mail
rPois   .            (no helmet)
rElec   .            (no cloak)
rCorr   .            (no gloves)
SInv    .            (no boots)
Will    .....        (no amulet)
Stlth   +            (no ring)
HPRegen 0.23/turn    (no ring)
MPRegen 0.09/turn

%: no passive effects
@: no status effects
A: no striking features
a: no special abilities


You were on level 2 of the Dungeon.
You visited 1 branch of the dungeon, and saw 2 of its levels.

You collected 47 gold pieces.


   Skills:
 - Level 1.5 Fighting
 + Level 7.3 Ranged Weapons
 - Level 2.4 Dodging
 - Level 1.2 Stealth


You had 2 spell levels left.
You didn't know any spells.
Your spell library was empty.

Inventory:

Hand Weapons
 Y - a +0 shortbow (weapon)
Armour
 f - a +0 ring mail (worn)
Jewellery
 b - a ring of protection from cold
Scrolls
 a - 3 scrolls of identify
 d - a scroll of immolation {unknown}
Potions
 c - a potion of heal wounds {unknown}
 e - a potion of mutation {unknown}

Dungeon Overview and Level Annotations

Branches:
Dungeon (2/15)

Altars:


Message History

The goblin is severely wounded.
You shoot an arrow. The arrow hits the goblin.
You kill the goblin!
Things that are here:
a +0 club; a goblin corpse You see here a book of the Hunter. 2 gnolls come into view.
The gnoll shouts! x2; You hear a shout!
The gnoll moves out of view.
A gnoll comes into view. It is wielding a +0 club.
Enter note:
Enter note:
Enter note:
Enter note:
Enter note:
Enter note: You shoot an arrow.
The arrow barely misses the gnoll.
The arrow closely misses the gnoll.
The gnoll shouts!
You shoot an arrow. The arrow hits the gnoll.
The gnoll is heavily wounded.
You shoot an arrow. The arrow hits the gnoll!
You kill the gnoll!
A gnoll comes into view. It is wielding a +0 club.
You shoot an arrow. The arrow hits the gnoll.
The gnoll is lightly wounded.
You shoot an arrow. The arrow hits the gnoll.
The gnoll is lightly wounded.
You shoot an arrow. The arrow closely misses the gnoll.
The gnoll hits you with a +0 club. The gnoll hits you with a +0 whip.
The gnoll hits you but does no damage. The gnoll hits you with a +0 whip.
You shoot an arrow. The arrow hits the gnoll.
The gnoll is heavily wounded.
The gnoll hits you with a +0 whip! The gnoll hits you but does no damage.
You shoot an arrow. The arrow closely misses the gnoll. x2
The gnoll closely misses you. The gnoll hits you but does no damage.
You shoot an arrow. The arrow barely misses the gnoll.
The gnoll hits you with a +0 club. The gnoll hits you but does no damage.
The gnoll closely misses you. The gnoll hits you with a +0 club.
You die...

######.#..(.......# #.
## #.#.....##.######.##.
#.##(..###.# #......
#.....%....####.#.##.
#####.#######........
#...# #.#.##.## #.).#
####.#)....< #...#
#.....).....
#####@..###.##.#......
#..)ggg.....##.#.%....
.................#......
#.#...........#####....#
#####...###.#####.....
#...# #.......#... #...#
####.......# #...#
#.##.##.# ###.##
#.##.##^#


You could see 3 gnolls.

Vanquished Creatures
  Jessica (D:2)
  A gnoll (D:2)
  3 ball pythons
  2 endoplasms
  2 goblins (D:2)
  3 hobgoblins (D:2)
  2 quokkas (D:2)
  3 bats
  2 frilled lizards (D:1)
  2 kobolds
  3 rats (D:2)
24 creatures vanquished.

Notes
Turn   | Place    | Note
-------+----------+-------------------------------------------
     0 | D:1      | qw the Deep Elf Hunter began the quest for the Orb.
     0 | D:1      | Reached XP level 1. HP: 12/12 MP: 3/3
     0 | D:1      | 0 ||| qw: Version: 0.3-a-9-g12657ce
     0 | D:1      | 0 ||| qw: Game counter: 3548
     0 | D:1      | 0 ||| qw: Always use a shield: true
     0 | D:1      | 0 ||| qw: God list: Okawaru
     0 | D:1      | 0 ||| qw: Allow faded altars: false
     0 | D:1      | 0 ||| qw: Do Orc after D:15 true
     0 | D:1      | 0 ||| qw: Do second Lair branch before Depths: true
     0 | D:1      | 0 ||| qw: Lair rune preference: random
     0 | D:1      | 0 ||| qw: Plans: Normal
     0 | D:1      | 0 ||| PLANNING D:1-11
   877 | D:1      | 877 ||| UPGRADING to +0 ring mail.
   887 | D:1      | 887 ||| DROPPING +0 leather armour.
   912 | D:1      | 912 ||| READING 2 scrolls labelled SYLOZX LIYP.
   913 | D:1      | 913 ||| DROPPING scroll of butterflies.
   969 | D:2      | Noticed Jessica
   975 | D:2      | Killed Jessica
   976 | D:2      | Reached skill level 6 in Ranged Weapons
   976 | D:2      | Reached XP level 2. HP: 16/16 MP: 4/4
   976 | D:2      | Reached XP level 3. HP: 20/20 MP: 5/5
  1134 | D:2      | Reached skill level 7 in Ranged Weapons
  1393 | D:2      | HP: 3/20 [gnoll/+0 whip (7)]
  1395 | D:2      | HP: 1/20 [gnoll/+0 club (2)]
  1395 | D:2      | Slain by a gnoll

Levels and vault maps discovered:
D:1:      dpeg_arrival_brainrot, layout_loops_corners
D:2:      layout_loops_cross, uniq_jessica

Skill      XL: |  1  2  3 |
---------------+----------+-----
Ranged Weapons | 6 7 |  7.3
Fighting       | |  1.5
Dodging        | |  2.4
Stealth        | |  1.2

Action                     || total
---------------------------++-------
   Fire: Shortbow          ||    62
    Use: Scroll            ||     1
 Armour: Leather armour    ||     1
         Ring mail         ||     6
  Dodge: Dodged            ||    12

Table legend:
 A = Non-vault XP
 B = Vault XP
 C = Vault XP percentage of total XP
 D = Non-vault monster count
 E = Vault monster count
 F = Vault count percentage of total count
                 A         B        C        D         E       F
            +---------+---------+-------+---------+---------+-------
      Total |      50 |      37 |  42.5 |      23 |       1 |   4.2
            +---------+---------+-------+---------+---------+-------
        D:1 |      11 |       0 |   0.0 |       8 |       0 |   0.0
        D:2 |      39 |      37 |  48.7 |      15 |       1 |   6.2
            +---------+---------+-------+---------+---------+-------
